 Dungeon Crawl Stone Soup version 0.20-a0-700-gbd4582c (webtiles) character file.

7660 RKaid the Grappler (level 10, -7/106 HPs)
             Began as a Troll Monk on Feb 20, 2017.
             Was an Elder of Ieoh Jian.
             Mangled by a cyan ugly thing (15 damage)
             ... on level 10 of the Dungeon.
             The game lasted 00:24:33 (8211 turns).

RKaid the Grappler (Troll Monk)                     Turns: 8211, Time: 00:24:34

Health: -7/106     AC:  6    Str: 23    XL:     10   Next: 99%
Magic:  9/9        EV: 11    Int:  6    God:    Ieoh Jian [****..]
Gold:   592        SH:  0    Dex: 18    Spells: 9/9 levels left

rFire    . . .     SeeInvis .     - Unarmed
rCold    . . .     Gourm    +   f - +1 robe {MR+}
rNeg     + . .     Faith    .   (no shield)
rPois    .         Spirit   .   (helmet restricted)
rElec    .         Reflect  .   (no cloak)
rCorr    .         Harm     .   (gloves unavailable)
MR       +....                  (boots unavailable)
Stlth    ++........             (no amulet)
Regen    0.7/turn               G - ring of positive energy {rN+}
MPRegen  0.2/turn               n - +5 ring of dexterity

@: no status effects
A: unfitting armour, claws 3, fast metabolism 3, gourmand, regeneration 1,
shaggy fur 1, tough skin 2
a: Serpent's Lash, Renounce Religion


You were on level 10 of the Dungeon.
You worshipped Ieoh Jian.
Ieoh Jian was greatly pleased with you.
You were very full.

You visited 2 branches of the dungeon, and saw 11 of its levels.

You collected 592 gold pieces.

Inventory:

Missiles
 t - a throwing net {=f}
Armour
 f - a +1 robe of magic resistance (worn)
   (You took it off Dowan on level 5 of the Dungeon)
 I - a +2 animal skin
   (You took it off Grum on level 8 of the Dungeon)
Magical Staves
 J - an uncursed staff of wizardry {wiz+, !a}
   (You found it on level 8 of the Dungeon)
Jewellery
 i - an uncursed ring of flight {+Fly}
   (You found it on level 9 of the Dungeon)
 n - a +5 ring of dexterity (left claw)
   (You found it on level 3 of the Dungeon)
 G - a ring of positive energy (right claw) {rN+}
   (You found it on level 7 of the Dungeon)
Wands
 h - a wand of random effects (10/48)
   (You found it on level 8 of the Dungeon)
 p - a wand of random effects (29/48)
   (You found it on level 3 of the Dungeon)
 v - a wand of confusion (13/48)
   (You found it on level 4 of the Dungeon)
 y - a wand of enslavement (18/24)
   (You found it on level 5 of the Dungeon)
 D - a wand of digging (5/24)
   (You found it on level 6 of the Dungeon)
 F - a wand of flame (34/48)
   (You found it on level 7 of the Dungeon)
 K - a wand of paralysis (14/24)
   (You found it on level 8 of the Dungeon)
Scrolls
 l - 4 scrolls of teleportation
 m - 2 scrolls of magic mapping {!r}
 q - 7 scrolls of remove curse
 r - 2 scrolls of fog
 w - a scroll of enchant armour
 B - 2 scrolls of blinking {unknown}
 E - a scroll of amnesia {unknown}
 H - a scroll of recharging
Potions
 a - 3 potions of lignification {!q}
 e - 2 potions of curing
 g - 6 potions of flight {unknown}
 j - 4 potions of agility
 o - a potion of might
 s - 2 potions of heal wounds
 u - 3 potions of resistance
 A - 2 potions of brilliance {unknown}
 M - a potion of haste {unknown}
Books
 x - a book of Power
   (You found it on level 8 of the Dungeon)
 z - a book of Minor Magic
   (You found it on level 5 of the Dungeon)
 C - a book of Debilitation
   (You found it on level 6 of the Dungeon)
Comestibles
 b - 5 bread rations
 c - 13 fruits
 d - 5 meat rations
 k - 2 royal jellies
 L - 10 chunks of flesh


   Skills:
 + Level 8.5 Fighting
 - Level 2.4 Dodging
 - Level 1.0 Stealth
 * Level 13.7 Unarmed Combat


You had 9 spell levels left.
You didn't know any spells.

Dungeon Overview and Level Annotations

Branches:
Dungeon (10/15)            Temple (1/1) D:5
   Lair: D:8-11         Orc: D:9-12

Altars:
Ashenzari
Cheibriados
Dithmenos
Elyvilon
Fedhas
Gozag
Hepliaklqana Ieoh Jian
Kikubaaqudgha
Makhleb
Nemelex Xobeh
Okawaru
Qazlal
Ru
Sif Muna
Trog
Uskayaw
Vehumet
Xom
Yredelemnul
Zin
The Shining One

Shops:
D:4 *


Innate Abilities, Weirdness & Mutations

You are too large for most types of armour.
You have claws for hands.
Your metabolism is lightning-fast.
You like to eat raw meat.
Your natural rate of healing is unusually fast.
You are covered in fur. (AC +1)
You have very tough skin. (AC +2)


Message History

You eat one of the 10 chunks of flesh.
This raw flesh tastes great.
Eating one of 9 chunks of flesh.
You eat one of the 9 chunks of flesh.
This raw flesh tastes great.
Eating one of 8 chunks of flesh.
You eat one of the 8 chunks of flesh.
This raw flesh tastes great.
Eating one of 7 chunks of flesh.
You eat one of the 7 chunks of flesh.
This raw flesh tastes great.
Eating one of 6 chunks of flesh.
You eat one of the 6 chunks of flesh.
This raw flesh tastes great.
Eating one of 5 chunks of flesh.
You eat one of the 5 chunks of flesh.
This raw flesh tastes great.
The gnoll shouts!
You hear a shout!
You lunge at the gnoll in a flurry of attacks!
You barely miss the gnoll. You mangle the gnoll!!
You kill the gnoll!
The council accepts your kill.
Things that are here:
a club; a gnoll corpse You mangle the gnoll!!
You kill the gnoll!
The council accepts your kill.
Things that are here:
a flail of protection; a gnoll corpse You butcher the gnoll corpse.
L - 7 chunks of flesh (gained 3)
You see here a flail of protection.
Things that are here:
a club; a gnoll corpse You butcher the gnoll corpse.
L - 10 chunks of flesh (gained 3)
You see here a club.
You start resting.
A crimson imp comes into view.
The crimson imp shouts!
The crimson imp closely misses you.
You claw the crimson imp!
The crimson imp hits you but does no damage.
You mangle the crimson imp!!
You kill the crimson imp!
The council accepts your kill.
You can now move short distances at supernatural speeds.
An orc comes into view. It is wielding a whip.
The orc throws a poisoned tomahawk.
The poisoned tomahawk closely misses you.
The orc throws a poisoned tomahawk.
The poisoned tomahawk completely misses you.
You see here a poisoned tomahawk.
An orc comes into view. It is wielding a dagger.
You barely miss the orc. The orc hits you with a whip.
You mangle the orc!!
You kill the orc!
The council accepts your kill.
You see here a whip.
A centaur comes into view.
M - a cyan potion
Found a stone staircase leading down.
Okay, then.
You found a shaft!
The cyan ugly thing gurgles horribly!
You claw the cyan ugly thing! The cyan ugly thing claws you.
The cyan ugly thing shocks you!
You scratch the cyan ugly thing. You claw the cyan ugly thing!
The cyan ugly thing closely misses you.
An orc comes into view. It is wielding a flail.
The orc shouts!
You scratch the cyan ugly thing. The cyan ugly thing claws you!
The cyan ugly thing shocks you!
You closely miss the cyan ugly thing. You claw the cyan ugly thing.
The cyan ugly thing barely misses you.
You claw the cyan ugly thing!
A bullfrog zombie comes into view.
You spin and attack the cyan ugly thing repeteadly!
You claw the cyan ugly thing!
The cyan ugly thing seems to slow down as you strike a pressure point.
You scratch the cyan ugly thing.
The cyan ugly thing claws you but does no damage.
You completely miss the cyan ugly thing.
The cyan ugly thing claws you! The cyan ugly thing shocks you!
You closely miss the cyan ugly thing. You scratch the cyan ugly thing.
You closely miss the cyan ugly thing. The orc completely misses you.
The cyan ugly thing closely misses you.
You closely miss the cyan ugly thing. You scratch the cyan ugly thing.
Your claw misses the cyan ugly thing.
The cyan ugly thing is no longer moving slowly.
The orc misses you. The cyan ugly thing claws you!
* * * LOW HITPOINT WARNING * * *
The cyan ugly thing shocks you!
* * * LOW HITPOINT WARNING * * *
You attack the orc from above.
You closely miss the orc. You claw the orc!
You kill the orc!
The council accepts your kill.
You spin and attack the cyan ugly thing.
You claw the cyan ugly thing!
You spin and attack the bullfrog zombie repeteadly!
You barely miss the bullfrog zombie. x2; The bullfrog zombie barely misses you.
The cyan ugly thing claws you!
* * * LOW HITPOINT WARNING * * *
The cyan ugly thing shocks you!
You die...

........# #......#.
........########...^..##
......................##
........................
........###.#.##.#....##
..........................
............#.#.##......##
............#.#.##.#.#..##
........§@u.#.#.##.#.#....
.........Z.#.#.##.#.#....
##..#'#§..#.#.##.#......
#.....s..+.#.##...####.
####.##.#...###.##........
................##...#####
####..................)...
####.#####.......#####.
...# #.......# #.


You could see a cyan ugly thing, a scorpion and a bullfrog zombie.

Vanquished Creatures
  3 two-headed ogres
  The ghost of yrara the Twirler, a novice DsGl of Gozag (D:7)
  Joseph (D:8)
  2 hippogriffs (D:8)
  5 yaks (D:9)
  A hungry ghost (D:9)
  Grum (D:8)
  Duvessa (D:5)
  An ice beast (D:9)
  An orc warrior (D:8)
  3 ogres
  A phantom (D:6)
  A centaur (D:9)
  2 wolves (D:8)
  A big kobold (D:9)
  7 bullfrogs
  Dowan (D:5)
  A water moccasin skeleton (D:6)
  3 scorpions
  8 killer bees
  7 wights
  4 crimson imps
  2 bullfrog zombies
  3 hounds
  A centaur skeleton (D:10)
  3 jellies
  3 orc wizards
  3 orc priests
  2 iguanas
  Ijyb (D:3)
  A gnoll shaman (D:9)
  5 worker ants
  A killer bee zombie (D:6)
  A howler monkey zombie (D:9)
  A worker ant zombie (D:5)
  Robin (D:2)
  A howler monkey skeleton (D:7)
  8 adders
  6 gnolls
  2 shadow imps (D:5)
  An ooze (D:1)
  2 adder skeletons
  5 worms
  3 dart slugs
  4 leopard geckos
  47 orcs
  A ball python (D:5)
  6 bats
  12 giant cockroaches
  24 goblins
  7 hobgoblins
  10 jackals
  9 kobolds
  7 quokkas
  9 frilled lizards
  3 quokka skeletons
  A quokka zombie (D:6)
  7 rats
259 creatures vanquished.

Vanquished Creatures (others)
  A goblin (D:2)
1 creature vanquished.

Grand Total: 260 creatures vanquished

Notes
Turn   | Place    | Note
-------+----------+-------------------------------------------
     0 | D:1      | RKaid the Troll Monk began the quest for the Orb.
     0 | D:1      | Reached XP level 1. HP: 22/22 MP: 0/0
   142 | D:1      | Reached XP level 2. HP: 23/29 MP: 1/1
   309 | D:1      | Found a shattered altar of Ashenzari.
   613 | D:1      | Reached XP level 3. HP: 34/36 MP: 2/2
   710 | D:2      | Noticed Robin
   715 | D:2      | Reached skill level 4 in Unarmed Combat
   724 | D:2      | Killed Robin
   852 | D:2      | Reached XP level 4. HP: 43/44 MP: 3/3
  1047 | D:2      | Found a hazy altar of Hepliaklqana.
  1247 | D:3      | Reached skill level 3 in Fighting
  1390 | D:3      | Reached skill level 5 in Unarmed Combat
  1498 | D:3      | Found a radiant altar of Vehumet.
  1612 | D:3      | Reached XP level 5. HP: 53/53 MP: 4/4
  1623 | D:3      | Noticed Ijyb
  1646 | D:3      | Killed Ijyb
  2260 | D:4      | Found a white marble altar of Elyvilon.
  2386 | D:4      | Found Zin's Purification Station.
  2391 | D:4      | Found a glowing silver altar of Zin.
  2397 | D:4      | Found a hide-covered altar of Uskayaw.
  2598 | D:4      | Noticed a hand axe
  2600 | D:4      | Noticed a dagger
  2703 | D:4      | Noticed an ogre
  2709 | D:4      | Killed an ogre
  2709 | D:4      | Reached skill level 6 in Unarmed Combat
  2709 | D:4      | Reached XP level 6. HP: 48/62 MP: 5/5
  2871 | D:4      | Found a shadowy altar of Dithmenos.
  3149 | D:5      | Entered Level 5 of the Dungeon
  3213 | D:5      | Noticed Duvessa
  3218 | D:5      | Noticed Dowan
  3220 | D:5      | Killed Duvessa
  3220 | D:5      | Reached skill level 4 in Fighting
  3235 | D:5      | Killed Dowan
  3240 | D:5      | Reached XP level 7. HP: 35/70 MP: 6/6
  3241 | D:5      | Found a staircase to the Ecumenical Temple.
  3339 | D:5      | Reached skill level 7 in Unarmed Combat
  3963 | Temple   | Entered the Ecumenical Temple
  4053 | D:6      | Reached skill level 8 in Unarmed Combat
  4174 | D:6      | Reached XP level 8. HP: 74/79 MP: 7/7
  4195 | D:6      | Reached skill level 5 in Fighting
  4354 | D:6      | Found a basalt altar of Yredelemnul.
  4378 | D:6      | Reached skill level 9 in Unarmed Combat
  4747 | D:7      | Noticed yrara's ghost (novice DsGl)
  4755 | D:7      | Killed yrara's ghost
  4755 | D:7      | Reached skill level 10 in Unarmed Combat
  4758 | D:7      | Reached skill level 6 in Fighting
  4759 | D:7      | Reached XP level 9. HP: 60/89 MP: 8/8
  4829 | D:7      | Found an ornate altar of the Ieoh Jian Council.
  4836 | D:7      | Became a worshipper of the Ieoh Jian Council
  4836 | D:7      | Reached * piety under Ieoh Jian
  4836 | D:7      | Reached ** piety under Ieoh Jian
  5721 | D:8      | Noticed a two-headed ogre
  5733 | D:8      | Killed a two-headed ogre
  5733 | D:8      | Reached skill level 11 in Unarmed Combat
  6010 | D:8      | Reached *** piety under Ieoh Jian
  6054 | D:8      | Noticed Joseph
  6094 | D:8      | Killed Joseph
  6094 | D:8      | Reached skill level 7 in Fighting
  6157 | D:8      | Noticed Grum
  6159 | D:8      | Killed Grum
  6160 | D:8      | Reached skill level 12 in Unarmed Combat
  6284 | D:8      | Reached XP level 10. HP: 102/102 MP: 9/9
  6748 | D:8      | Noticed a two-headed ogre
  6750 | D:8      | Killed a two-headed ogre
  6914 | D:9      | Reached skill level 13 in Unarmed Combat
  7029 | D:9      | Reached skill level 8 in Fighting
  7272 | D:9      | Reached **** piety under Ieoh Jian
  7296 | D:9      | Found a sparkling altar of Nemelex Xobeh.
  7296 | D:9      | Found an ancient bone altar of Kikubaaqudgha.
  7312 | D:9      | Found a shimmering altar of Xom.
  7435 | D:9      | HP: 23/105 [killer bee (4)]
  7438 | D:9      | HP: 10/105 [killer bee (7)]
  7443 | D:9      | HP: 11/105 [poisoned by a killer bee]
  7448 | D:9      | HP: 12/105 [poisoned by a killer bee]
  7455 | D:9      | HP: 15/105 [poisoned by a killer bee]
  7463 | D:9      | HP: 18/105 [poisoned by a killer bee]
  7836 | D:10     | Entered Level 10 of the Dungeon
  7851 | D:10     | Noticed a two-headed ogre
  7852 | D:10     | Noticed a cyan ugly thing
  7858 | D:10     | HP: 22/106 [cyan ugly thing (15)]
  7862 | D:10     | HP: 3/106 [cyan ugly thing (16)]
  8092 | D:10     | Killed a two-headed ogre
  8206 | D:10     | HP: 18/106 [cyan ugly thing (12)]
  8211 | D:10     | HP: 8/106 [cyan ugly thing (13)]
  8211 | D:10     | Mangled by a cyan ugly thing

Vault maps used:
D:1:      matt_arrival_grand_opening, kennysheep_decorative_pillar,
          st_stairs_12, evilmike_ruin_ashenzari
D:2:      lemuel_coloured_pillars_altar, uniq_robin
D:3:      kennysheep_goblin_castle, lemuel_crystal_altar
D:4:      zin_purify, dancing_weapons_uskayaw, kennysheep_mini_moat,
          first_bread, minivault_26, elyvilon_altar_4
D:5:      temple_pool_b, st_stairs_7, uniq_duvessa
D:6:      lemuel_upstairs_altar, lemuel_round_altar
D:7:      marbit_many_paths
D:8:      special_room, uniq_joseph, uniq_grum
D:9:      grunt_temple_overflow_open
D:10:     david_orc_2
Temple:   nicolae_temple_no_exploring_needed

Skill      XL: |  1  2  3  4  5  6  7  8  9 10 |
---------------+-------------------------------+-----
Unarmed Combat | 4 5 6 8 10 12 13 | 13.7
Fighting       | 3 4 6 7 8 |  8.5
Dodging        | |  2.4
Stealth        | |  1.0

Action                   |  1- 3 |  4- 6 |  7- 9 | 10-12 || total
-------------------------+-------+-------+-------+-------++-------
Melee: Unarmed           |    97 |   182 |   275 |   189 ||   743
       Punch             |     1 |     6 |    12 |    14 ||    33
Invok: Serpent's Lash    |       |       |       |     1 ||     1
  Use: Scroll            |       |    11 |     7 |       ||    18
       Potion            |       |       |       |     1 ||     1
 Stab: Sleeping          |     2 |     3 |     7 |     5 ||    17
  Eat: Chunk             |    13 |    22 |    28 |    20 ||    83
Armor: Robe              |    29 |       |    50 |    30 ||   109
       Animal skin       |    10 |    64 |       |       ||    74
Dodge: Dodged            |    54 |    90 |   102 |    78 ||   324

Vault maps used:
D:1:      matt_arrival_grand_opening, kennysheep_decorative_pillar,
          st_stairs_12, evilmike_ruin_ashenzari
D:2:      lemuel_coloured_pillars_altar, uniq_robin
D:3:      kennysheep_goblin_castle, lemuel_crystal_altar
D:4:      zin_purify, dancing_weapons_uskayaw, kennysheep_mini_moat,
          first_bread, minivault_26, elyvilon_altar_4
D:5:      temple_pool_b, st_stairs_7, uniq_duvessa
D:6:      lemuel_upstairs_altar, lemuel_round_altar
D:7:      marbit_many_paths
D:8:      special_room, uniq_joseph, uniq_grum
D:9:      grunt_temple_overflow_open
D:10:     david_orc_2
Temple:   nicolae_temple_no_exploring_needed

Table legend:
 A = Turns spent in this place as a percentage of turns spent in the entire game.
 B = Non-inter-level travel turns spent in this place as a percentage of non-inter-level travel turns spent in the entire game.
 C = Inter-level travel turns spent in this place as a percentage of turns spent in this place.
 D = Turns resting spent in this place as a percentage of non-inter-level travel turns spent in this place.
 E = Turns spent auto-exploring this place as a percentage of non-inter-level travel turns spent in this place.
 F = Non-inter-level travel turns spent in this place divided by the number of levels of this place that you've seen.
                   A       B       C       D       E      F
               +-------+-------+-------+-------+-------+----------------------
         Total | 100.0 | 100.0 |   0.6 |   2.5 |  10.0 | 223.6
       Dungeon |  99.9 |  99.9 |   0.6 |   2.5 |  10.0 | 245.8
        Temple |   0.1 |   0.1 |   0.0 |   0.0 |   0.0 |   2.0
               +-------+-------+-------+-------+-------+----------------------

Table legend:
 A = Kills in this place as a percentage of kills in entire the game.
 B = Kills by you in this place as a percentage of kills by you in the entire game.
 C = Kills by friends in this place as a percentage of kills by friends in the entire game.
 D = Other kills in this place as a percentage of other kills in the entire game.
 E = Experience gained in this place as a percentage of experience gained in the entire game.
 F = Experience gained in this place divided by the number of levels of this place that you have seen.
                   A       B       C       D       E      F
               +-------+-------+-------+-------+-------+----------------------
         Total | 100.0 | 100.0 |  -nan |  -nan | 100.0 | 994.8
       Dungeon | 100.0 | 100.0 |  -nan |  -nan | 100.0 | 1094.3
               +-------+-------+-------+-------+-------+----------------------
